 Dungeon Crawl Stone Soup version 0.30-a0-358-g0d69a1922f (webtiles) character file.

Game seed: 11988250919026116619

245 drewk1942 the Magician (level 6, 0/40 HPs)
             Began as a Djinni Air Elementalist on Nov 10, 2022.
             Slain by Grinder (4 damage)
             ... on level 4 of the Dungeon.
             The game lasted 00:06:39 (3252 turns).

drewk1942 the Magician (Djinni Air Elementalist)    Turns: 3252, Time: 00:06:40

Health: 0/40       AC:  2    Str:  7    XL:     6   Next: 32%
Gold:   137        EV: 13    Int: 18    God:
                   SH:  0    Dex: 14

rFire   + + .      SeeInvis .    p - +0 war axe
rCold   x . .      Faith    .    (no shield)
rNeg    . . .      Spirit   .    a - +0 robe
rPois   ∞          Reflect  .    (no helmet)
rElec   .          Harm     .    (no cloak)
rCorr   .          Rampage  .    (no gloves)
Will    .....                    (boots unavailable)
Stlth   ++........               (no amulet)
HPRegen 0.26/turn                (no ring)
MPRegen 0.00/turn                (no ring)

@: flying, very slightly contaminated
A: sickness immunity, fire resistance 2, cold vulnerability 1, float, innate
caster, HP casting, extra vitality 1
a: no special abilities


You were on level 4 of the Dungeon.
You visited 1 branch of the dungeon, and saw 4 of its levels.

You collected 137 gold pieces.

Inventory:

Hand Weapons
 p - a +0 war axe (weapon)
Armour
 a - a +0 robe (worn)
Jewellery
 b - an amulet of reflection
 k - a ring of positive energy
 n - an amulet of the acrobat
Wands
 h - a wand of flame (18)
 i - a wand of iceblast (13)
Scrolls
 c - 3 scrolls of fear {unknown}
 d - 2 scrolls of identify {unknown}
 e - a scroll of fog {unknown}
 f - a scroll of enchant weapon {unknown}
 l - a scroll of teleportation {unknown}
 m - a scroll of enchant armour {unknown}
 o - a scroll of magic mapping {unknown}
Potions
 g - a potion of heal wounds {unknown}
 j - a potion of flight {unknown}


   Skills:
 + Level 3.8 Dodging
 + Level 3.0 Stealth
 * Level 4.0 Spellcasting


You couldn't memorise any spells.
You knew the following spells:

 Your Spells              Type           Power      Damage    Failure   Level
a - Shock                 Conj/Air       72%        1d7       2%          1
b - Static Discharge      Conj/Air       36%        2-4/arc   4%          2
c - Swiftness             Air            18%        N/A       9%          3
d - Airstrike             Air            9%         2d(2-18)  28%         4
e - Magic Dart            Conj           72%        1d6       2%          1
f - Momentum Strike       Conj/Tloc      36%        3d9       4%          2
Your spell library was empty.

Dungeon Overview and Level Annotations

Branches:
Dungeon (4/15)
 Temple: D:4-7

Altars:
Gozag
Uskayaw
Yredelemnul

Annotations:
D:4 Grinder


Innate Abilities, Weirdness & Mutations

You are immune to sickness and miasma.
You are immune to poison.
Your flesh is very heat resistant. (rF++)
You are vulnerable to cold. (rC-)
You float through the air rather than walking.
You learn spells naturally, not from books.
Your magical power is your life essence.
You have superior vitality. (+4 MHP)


Message History

Grinder is struck by an arc of lightning.
Grinder is moderately wounded.
You are struck by an arc of lightning.
The lightning grounds out.
Grinder gestures at you. You resist with some effort.
Casting: Static Discharge (safe; 4% risk of failure)
Confirm with . or Enter, or press ? or * to list all spells.
Grinder is struck by an arc of lightning.
Grinder is moderately wounded.
You are struck by an arc of lightning.
* * * LOW HITPOINT WARNING * * *
The lightning grounds out.
* * * LOW HITPOINT WARNING * * *
Grinder gestures at you. You resist with some effort.
Casting: Static Discharge (safe; 4% risk of failure)
Confirm with . or Enter, or press ? or * to list all spells.
Grinder is struck by an arc of lightning.
Grinder is heavily wounded.
The kobold is struck by an arc of lightning.
You kill the kobold!
Grinder is struck by an arc of lightning.
Grinder is heavily wounded.
The lightning grounds out.
* * * LOW HITPOINT WARNING * * *
An orc comes into view. It is wielding a +0 short sword.
Grinder hits you.
* * * LOW HITPOINT WARNING * * *
You writhe in agony.
* * * LOW HITPOINT WARNING * * *
Casting: Static Discharge (safe; 4% risk of failure)
Confirm with . or Enter, or press ? or * to list all spells.
Grinder is struck by an arc of lightning.
Grinder is severely wounded.
You are struck by an arc of lightning.
* * * LOW HITPOINT WARNING * * *
The lightning grounds out.
* * * LOW HITPOINT WARNING * * *
Grinder hits you.
You die...

#### ..# #.#
#^############
#..........=.#
#.####.#####.#
#.# #.# #.# #.#
#.# #@# #####.#
#.# #..5$...o#
......# #..
....)....$#
#######
######..##.###.
# .... .# #
##..# # # #..#
# #... #


You could see Grinder and an orc.

Vanquished Creatures
  A black bear (D:3)
  Natasha (D:3)
  An orc wizard (D:3)
  Robin (D:2)
  An adder (D:3)
  2 worms
  2 dart slugs
  3 orcs (D:3)
  3 bats
  7 endoplasms
  8 giant cockroaches
  13 goblins
  4 hobgoblins
  3 jackals (D:1)
  3 kobolds
  3 quokkas
  3 ball pythons
  2 frilled lizards
  5 rats
  A spectral orc (D:3)
67 creatures vanquished.

Vanquished Creatures (others)
  5 plants (D:2)
  4 withered plants (D:3)
9 creatures vanquished.

Grand Total: 76 creatures vanquished

Notes
Turn   | Place    | Note
-------+----------+-------------------------------------------
     0 | D:1      | drewk1942 the Djinni Air Elementalist began the quest for
                  | the Orb.
     0 | D:1      | drewk1942 set off with the following spells memorised:
                  | Shock, Static Discharge, Swiftness, Airstrike.
     0 | D:1      | Reached XP level 1. HP: 15/15 MP: 0/0
   182 | D:1      | Reached XP level 2. HP: 15/21 MP: 0/0
  1083 | D:2      | Reached XP level 3. HP: 23/25 MP: 0/0
  1083 | D:2      | Learned a level 1 spell: Magic Dart
  1314 | D:2      | Reached skill level 3 in Spellcasting
  1333 | D:2      | Noticed Robin
  1345 | D:2      | Killed Robin
  1346 | D:2      | Reached XP level 4. HP: 17/31 MP: 0/0
  2015 | D:3      | Noticed a black bear
  2025 | D:3      | Killed a black bear
  2026 | D:3      | Reached XP level 5. HP: 2/35 MP: 0/0
  2026 | D:3      | Learned a level 2 spell: Momentum Strike
  2370 | D:3      | Found a basalt altar of Yredelemnul.
  2414 | D:3      | Reached XP level 6. HP: 28/40 MP: 0/0
  2609 | D:3      | Found a hide-covered altar of Uskayaw.
  2769 | D:3      | Noticed Natasha
  2779 | D:3      | Killed Natasha
  2780 | D:3      | Reached skill level 4 in Spellcasting
  3134 | D:4      | Found an opulent altar of Gozag.
  3245 | D:4      | Noticed Grinder
  3252 | D:4      | Slain by Grinder

Illustrated notes

Levels and vault maps discovered:
D:1:      elethiomel_arrival_maze, layout_basic, corner_web_ring
D:2:      layout_loops_ring, serial_bayou_pond_a, uniq_robin
D:3:      layout_rooms, mainiacjoe_overflow_alcove_1,
          yredelemnul_forgotten_temple_becter, kiku_gazebo_garden_becter,
          dreamdust_princess_corridor, hangedman_decor_push, patterned_corridor,
          uniq_natasha
D:4:      layout_loops_ring, lemuel_tele_altar,
          mainiacjoe_overflow_surrounded_room, nicolae_shop_gadgets,
          uniq_grinder

Skill      XL: |  1  2  3  4  5  6 |
---------------+-------------------+-----
Stealth        | 2 3 |  3.0
Spellcasting   | 3 4 |  4.0
Dodging        | 3 |  3.8

Action                   |  1- 3 |  4- 6 || total
-------------------------+-------+-------++-------
Melee: Unarmed           |     2 |     2 ||     4
 Cast: Shock             |    75 |    82 ||   157
       Static Discharge  |       |     4 ||     4
       Airstrike         |       |     2 ||     2
       Momentum Strike   |       |     1 ||     1
Armor: Robe              |     4 |     4 ||     8
Dodge: Dodged            |    15 |    13 ||    28

Table legend: (Time is in decaauts)
 A = Elapsed time spent in this place.
 B = Non-inter-level travel time spent in this place.
 C = Inter-level travel time spent in this place.
 D = Time resting spent in this place.
 E = Time spent auto-exploring this place.
 F = Levels seen in this place.
 G = Mean time per level.
                   A        B        C        D        E       F      G
               +--------+--------+--------+--------+--------+-----+--------+
         Total |   3250 |   2984 |    266 |    140 |   2527 |   4 |  812.5 |
       Dungeon |   3250 |   2984 |    266 |    140 |   2527 |   4 |  812.5 |
               +--------+--------+--------+--------+--------+-----+--------+

Top non-repeatable levels by time:
     D:3: 1189 daAuts
     D:1: 1027 daAuts
     D:2: 870 daAuts
     D:4: 163 daAuts
